 Dungeon Crawl Stone Soup version 0.18-b1-14-g029dad2 (webtiles) character file.

1738 MTVSty1e the Skirmisher (level 9, -4/117 HPs)
             Began as a Hill Orc Fighter on Apr 30, 2016.
             Was an Initiate of Okawaru.
             Slain by Snorg (12 damage)
             ... on level 10 of the Dungeon.
             The game lasted 00:22:28 (5503 turns).

MTVSty1e the Skirmisher (Hill Orc Fighter)          Turns: 5503, Time: 00:22:31

Health: -4/117     AC: 24    Str: 22    XL:     9   Next: 5%
Magic:  9/9        EV:  2    Int: 13    God:    Okawaru [......]
Gold:   289        SH: 11    Dex: 18    Spells: 0 memorised, 8 levels left

rFire  . . .     SeeInvis .     D - +2 trident of the Ten Wonders {pierce, +Rage Dex+3}
rCold  . . .     Gourm    .     (armour currently unavailable)
rNeg   + + +     Faith    .     c - +0 shield
rPois  +         Spirit   .     (helmet currently unavailable)
rElec  .         Dismiss  .     (cloak currently unavailable)
rCorr  .         Reflect  .     (gloves currently unavailable)
SustAt .         Harm     .     (boots currently unavailable)
MR     .....     NoTele   +     g - amulet of magic regeneration
Stlth  +++.......               (no ring)
                                (no ring)

@: brilliant, agile, tree-form, very slightly contaminated, not resistant to
hostile enchantments, fairly stealthy
A: no striking features
a: Renounce Religion, Evoke Berserk Rage


You were on level 10 of the Dungeon.
You worshipped Okawaru.
Okawaru was noncommittal.
You were full.
You were a tree.
You visited 2 branches of the dungeon, and saw 9 of its levels.

You collected 364 gold pieces.
You spent 75 gold pieces at shops.

Inventory:

Hand Weapons
 a - a +0 war axe
 C - a +1 hand axe of freezing
 D - the +2 trident of the Ten Wonders (weapon) {pierce, +Rage Dex+3}
   (You found it on level 4 of the Dungeon)

   It inflicts extra damage upon your enemies.
   It affects your dexterity (+3).
   It lets you go berserk.
Armour
 b - a +0 scale mail
 c - a +0 shield (worn)
 j - a +3 ring mail (melded)
 n - a +0 pair of boots (melded)
 v - a +0 helmet (melded)
Magical Staves
 o - an uncursed staff of conjuration {unknown}
Jewellery
 d - a cursed ring of stealth
 g - an amulet of magic regeneration (around neck)
 m - a cursed amulet of inaccuracy
Wands
 A - a wand of random effects (13/48)
Scrolls
 e - 2 scrolls of recharging
 p - a scroll of identify
 q - 2 scrolls of magic mapping
 r - a scroll of random uselessness
 s - 2 scrolls of remove curse
Potions
 i - 3 potions of degeneration
 k - a potion of magic
Books
 y - the Almanac of Orientation and Poison
   (You found it on level 7 of the Dungeon)

   Spells                             Type                      Level
   a - Sting                          Conjuration/Poison           1
   b - Force Lance                    Conjuration/Translocation    4
   c - Warp Weapon                    Charms/Translocation         5
   d - Alistair's Intoxication        Transmutation/Poison         5
Comestibles
 f - 3 bread rations
 h - 3 fruits
 B - a meat ration


   Skills:
 * Level 6.6 Fighting
 - Level 5.8(6.4) Axes
 * Level 3.2(4.5) Polearms
 * Level 6.1 Armour
 + Level 4.8 Dodging
 - Level 1.3 Stealth
 + Level 5.6 Shields


You had 8 spell levels left.
You didn't know any spells.

Dungeon Overview and Level Annotations

Branches:
Dungeon (7/15)             Temple (1/1) D:7

Altars:
Ashenzari
Dithmenos
Fedhas
Kikubaaqudgha
Okawaru
Qazlal
Sif Muna
Yredelemnul

Shops:
D:4 *(*

Annotations:
D:10 Snorg


Message History

You block the orc's attack.
You finish eating.
That meat ration really hit the spot!
Zapping:
A - a wand of random effects (will waste charges)
Press: ? - help, Shift-Dir - straight line, f - Snorg
Aim: Snorg (lightly wounded) Snorg resists with almost no effort.
Evoking this partially-identified wand wasted a few charges.
You block the worker ant's attack. You block the orc warrior's attack.
The orc hits you but does no damage.
Snorg goes berserk!
Zapping:
A - a wand of random effects {zapped: 3} (will waste charges)
Press: ? - help, Shift-Dir - straight line, f/p - Snorg
Aim: Snorg (lightly wounded, berserk, fast, unusually strong)
The rock shatters into small pieces.
Evoking this partially-identified wand wasted a few charges.
You block the worker ant's attack. The orc hits you but does no damage.
The orc warrior hits you but does no damage.
You block Snorg's attack. Snorg claws you!
* * * LOW HITPOINT WARNING * * *
Snorg claws you!
You die...

.......
#.(##.####.......
#..........$.....
#...............#
#......)........#
#......}..(.....#
#..?.o.....#
#...oTa.).)#
#...o♣o{.).#
############


You could see Snorg (berserk), an orc warrior, a worker ant and 3 orcs.

Vanquished Creatures
  A wyvern (D:10)
  An ice beast (D:6)
  A sky beast (D:6)
  A phantom (D:6)
  3 centaurs
  4 ogres
  2 giant frogs
  3 scorpions
  A howler monkey (D:6)
  3 hounds
  3 orc priests
  An iguana (D:6)
  3 worker ants
  Robin (D:3)
  4 gnolls (D:6)
  6 adders
  An ooze (D:4)
  A worm (D:2)
  2 dart slugs
  2 giant geckos (D:2)
  13 orcs
  5 bats
  5 giant cockroaches
  11 goblins
  13 hobgoblins
  2 jackals (D:3)
  A quokka (D:6)
  4 giant newts
  8 kobolds
  7 rats
113 creatures vanquished.

Vanquished Creatures (others)
  An ogre (D:5)
  A hound (D:5)
2 creatures vanquished.

Grand Total: 115 creatures vanquished

Notes
Turn   | Place    | Note
--------------------------------------------------------------
     0 | D:1      | MTVSty1e the Hill Orc Fighter began the quest for the Orb.
     0 | D:1      | Reached XP level 1. HP: 19/19 MP: 1/1
   470 | D:1      | Reached XP level 2. HP: 27/27 MP: 2/2
   952 | D:2      | Reached XP level 3. HP: 25/33 MP: 3/3
  1234 | D:2      | Reached skill level 1 in Dodging
  1447 | D:2      | Reached XP level 4. HP: 38/40 MP: 4/4
  1726 | D:3      | Noticed Robin
  1926 | D:3      | Found a faded altar to an unknown god.
  2032 | D:3      | Reached XP level 5. HP: 42/46 MP: 5/5
  2038 | D:3      | Killed Robin
  2446 | D:3      | Found a blossoming altar of Fedhas.
  2864 | D:4      | Found a basalt altar of Yredelemnul.
  3036 | D:4      | Reached XP level 6. HP: 52/52 MP: 6/6
  3075 | D:4      | Found Cawy's Antique Weapon Boutique.
  3081 | D:4      | Bought a glowing hand axe for 75 gold pieces
  3187 | D:4      | Got a fine trident
  3210 | D:4      | Found Faggugh's Assorted Antiques.
  3428 | D:4      | Reached skill level 1 in Stealth
  3491 | D:4      | Found Nowosh's General Store.
  3540 | D:5      | Entered Level 5 of the Dungeon
  3584 | D:5      | Reached XP level 7. HP: 43/60 MP: 7/7
  3701 | D:5      | Reached skill level 5 in Axes
  3828 | D:5      | Reached skill level 5 in Fighting
  3929 | D:6      | Identified the cursed +2 trident of the Ten Wonders {pierce, +Rage Dex+3} (You found it on level 4 of the Dungeon)
  4054 | D:6      | Reached skill level 5 in Armour
  4054 | D:6      | Reached XP level 8. HP: 32/68 MP: 8/8
  4197 | D:6      | Found a shadowy altar of Dithmenos.
  4393 | D:6      | Reached skill level 1 in Polearms
  4682 | D:6      | Reached skill level 5 in Shields
  5121 | D:7      | Found a staircase to the Ecumenical Temple.
  5149 | Temple   | Entered the Ecumenical Temple
  5224 | Temple   | Became a worshipper of Warmaster Okawaru
  5361 | D:7      | Identified the Almanac of Orientation and Poison
  5455 | D:7      | You fall through a shaft for 3 floors!
  5455 | D:10     | Entered Level 10 of the Dungeon
  5455 | D:10     | Noticed Snorg
  5457 | D:10     | Noticed a wyvern
  5486 | D:10     | Killed a wyvern
  5486 | D:10     | Reached XP level 9. HP: 43/78 MP: 9/9
  5503 | D:10     | Slain by Snorg

Skill      XL: |  1  2  3  4  5  6  7  8 |
---------------+-------------------------+-----
Fighting       | 4 5 6 |  6.6
Axes           | 3 4 5 |  5.8
Dodging        | 1 2 3 4 |  4.8
Armour         | 4 5 6 |  6.1
Shields        | 4 5 |  5.6
Stealth        | 1 |  1.3
Polearms       | 3 |  3.2

Action                   |  1- 3 |  4- 6 |  7- 9 || total
-------------------------+-------+-------+-------++-------
Melee: War axe           |   127 |   150 |       ||   277
       Hand axe          |       |    42 |    29 ||    71
       Trident           |       |       |   147 ||   147
Evoke: Wand              |       |       |     2 ||     2
  Use: Scroll            |     4 |     2 |     9 ||    15
       Potion            |       |       |    11 ||    11
 Stab: Invisible         |       |       |     4 ||     4
       Sleeping          |       |       |     1 ||     1
  Eat: Bread ration      |     1 |       |     1 ||     2
       Meat ration       |       |     1 |     1 ||     2
       Beef jerky        |       |       |     1 ||     1
Armor: Scale mail        |     3 |       |       ||     3
       Ring mail         |    68 |    85 |    83 ||   236
       Skin              |       |       |    51 ||    51
Dodge: Dodged            |    51 |    79 |   152 ||   282
Block: Shield            |    82 |    95 |   164 ||   341
